TOP OF THE 1ST |
Montgomery Biscuits batting - Pitching for New Hampshire Fisher Cats : RHP Jim Fitzgerald
|
Pitching: RHP Jim Fitzgerald
|
|
Batting: RHB Warren Martin
|
0-0: Ball 1-0: Ground out 4-3 (Groundball, 4)
|
Batting: RHB Carlos Vásquez
|
0-0: Ball 1-0: Ball 2-0: Called Strike 2-1: Foul Ball, location: 2F 2-2: Foul Ball, location: 2F 2-2: Fly out, F4 (Popup, 34D)
|
Batting: RHB Yujiro Kurihara
|
0-0: Foul Ball, location: 2F 0-1: Called Strike 0-2: Ball 1-2: Foul Ball, location: 2F 1-2: Ball 2-2: Foul Ball, location: 2F 2-2: Fly out, F8 (Flyball, 8RD)
|
Top of the 1st over - 0 run(s), 0 hit(s), 0 error(s), 0 left on base; Montgomery 0 - New Hampshire 0 |
BOTTOM OF THE 1ST |
New Hampshire Fisher Cats batting - Pitching for Montgomery Biscuits : RHP Ken Lyons
|
Pitching: RHP Ken Lyons
|
|
Batting: RHB Franklin Lawrence
|
0-0: Swinging Strike 0-1: Swinging Strike 0-2: Ball 1-2: Ball 2-2: Strikes out swinging
|
Batting: RHB Michael Kent
|
0-0: Ball 1-0: SINGLE (Line Drive, 8RS)
|
Batting: RHB Anthony Hezell
|
0-0: Ball 1-0: Foul Ball, location: 2F 1-1: Called Strike 1-2: Ball 2-2: Ball 3-2: SINGLE (Groundball, 56D) Michael Kent to second
|
Batting: LHB Cam Flowers
|
0-0: Ball 1-0: Ball 2-0: Called Strike 2-1: Called Strike 2-2: Ball 3-2: Foul Ball, location: 2F 3-2: Base on Balls Michael Kent to third Anthony Hezell to second
|
Batting: RHB Felipe Rivas
|
0-0: Called Strike 0-1: SINGLE (Line Drive, 8LS) Michael Kent scores Anthony Hezell to third Cam Flowers to second Runner from 3rd tries for Home, throw and OUT! Cam Flowers to third Felipe Rivas to second
|
Batting: RHB Si-xun Li
|
0-0: Ball 1-0: Foul Ball, location: 2F 1-1: Ball 2-1: Ball 3-1: Called Strike 3-2: Base on Balls
|
Batting: RHB Benjamin Lawson
|
0-0: Ball 1-0: Fielders Choice at 2nd, 5-4 (Groundball, 5)
|
Bottom of the 1st over - 1 run(s), 3 hit(s), 0 error(s), 2 left on base; Montgomery 0 - New Hampshire 1 |
TOP OF THE 2ND |
Montgomery Biscuits batting - Pitching for New Hampshire Fisher Cats : RHP Jim Fitzgerald
|
Batting: RHB Pete Smith
|
0-0: Foul Ball, location: 2F 0-1: Ground out 6-3 (Groundball, 6M)
|
Batting: RHB Juan Díaz
|
0-0: Foul Ball, location: 2F 0-1: Ball 1-1: Ground out 4-3 (Groundball, 4)
|
Batting: LHB António Fernández
|
0-0: Ball 1-0: DOUBLE (Groundball, 3L)
|
Batting: RHB Raúl Alejándrez
|
0-0: Called Strike 0-1: Foul Ball, location: 2F 0-2: Foul Ball, location: 2F 0-2: Ball 1-2: Foul Ball, location: 2F 1-2: Ball 2-2: Strikes out swinging
|
Top of the 2nd over - 0 run(s), 1 hit(s), 0 error(s), 1 left on base; Montgomery 0 - New Hampshire 1 |
BOTTOM OF THE 2ND |
New Hampshire Fisher Cats batting - Pitching for Montgomery Biscuits : RHP Ken Lyons
|
Batting: LHB Tony Rivera
|
0-0: Ball 1-0: SINGLE (Line Drive, 9S)
|
Batting: RHB Albert Alemán
|
0-0: Ball 1-0: Foul Ball, location: 2F 1-1: Grounds into double play, 6-4-3 (Groundball, 6)
|
Batting: RHB Franklin Lawrence
|
0-0: Ball 1-0: Ball 2-0: Ball 3-0: SINGLE (Flyball, 7LS)
|
Batting: RHB Michael Kent
|
0-0: Called Strike 0-1: Called Strike 0-2: Strikes out swinging
|
Bottom of the 2nd over - 0 run(s), 2 hit(s), 0 error(s), 1 left on base; Montgomery 0 - New Hampshire 1 |
TOP OF THE 3RD |
Montgomery Biscuits batting - Pitching for New Hampshire Fisher Cats : RHP Jim Fitzgerald
|
Batting: LHB Brian MacIntosh
|
0-0: Ball 1-0: SOLO HOME RUN (Flyball, 8LXD) (Inside the Park)
|
Batting: RHB Roy Ayers
|
0-0: Ball 1-0: Fly out, F7 (Flyball, 7M)
|
Batting: RHB Warren Martin
|
0-0: Foul Ball, location: 2F 0-1: Called Strike 0-2: Ball 1-2: Foul Ball, location: 2F 1-2: SINGLE (Groundball, 6MD)
|
Batting: RHB Carlos Vásquez
|
0-0: Ball 1-0: Foul Ball, location: 2F 1-1: Called Strike 1-2: Foul Ball, location: 2F 1-2: Ball 2-2: Foul Ball, location: 2F 2-2: Ball 3-2: Grounds into double play, U6-3 (Groundball, 6)
|
Top of the 3rd over - 1 run(s), 2 hit(s), 0 error(s), 0 left on base; Montgomery 1 - New Hampshire 1 |
BOTTOM OF THE 3RD |
New Hampshire Fisher Cats batting - Pitching for Montgomery Biscuits : RHP Ken Lyons
|
Batting: RHB Anthony Hezell
|
0-0: Called Strike 0-1: Ball 1-1: Foul Ball, location: 2F 1-2: SINGLE (Groundball, 3L)
|
Batting: LHB Cam Flowers
|
0-0: Called Strike 0-1: Swinging Strike 0-2: Grounds into double play, 4-6-3 (Groundball, 4)
|
Batting: RHB Felipe Rivas
|
0-0: Called Strike 0-1: Ball 1-1: Ground out 6-3 (Groundball, 6M)
|
Bottom of the 3rd over - 0 run(s), 1 hit(s), 0 error(s), 0 left on base; Montgomery 1 - New Hampshire 1 |
TOP OF THE 4TH |
Montgomery Biscuits batting - Pitching for New Hampshire Fisher Cats : RHP Jim Fitzgerald
|
Batting: RHB Yujiro Kurihara
|
0-0: Foul Ball, location: 2F 0-1: SINGLE (Line Drive, 6M)
|
Batting: RHB Pete Smith
|
0-0: Ball 1-0: Fly out, F4 (Popup, 34)
|
Batting: RHB Juan Díaz
|
0-0: Ball 1-0: Ball 2-0: Called Strike 2-1: Swinging Strike 2-2: Foul Ball, location: 2F 2-2: Strikes out looking
|
Batting: LHB António Fernández
|
0-0: Ball 1-0: Called Strike 1-1: Ball Wild Pitch! Yujiro Kurihara to second 2-1: Ball 3-1: Called Strike 3-2: Foul Ball, location: 2F 3-2: Base on Balls
|
Batting: RHB Raúl Alejándrez
|
0-0: Ball 1-0: Ground out 5-3 (Groundball, 5L)
|
Top of the 4th over - 0 run(s), 1 hit(s), 0 error(s), 2 left on base; Montgomery 1 - New Hampshire 1 |
BOTTOM OF THE 4TH |
New Hampshire Fisher Cats batting - Pitching for Montgomery Biscuits : RHP Ken Lyons
|
Batting: RHB Si-xun Li
|
0-0: Ball 1-0: Ground out 4-3 (Groundball, 34)
|
Batting: RHB Benjamin Lawson
|
0-0: Called Strike 0-1: SINGLE (Groundball, 34D)
|
Batting: LHB Tony Rivera
|
0-0: Called Strike 0-1: Ball Throwing error on steal attempt, E2 Benjamin Lawson to third 1-1: SINGLE (Flyball, 9S) Benjamin Lawson scores
|
Batting: RHB Albert Alemán
|
0-0: Ball Tony Rivera steals 2nd base 1-0: Ball 2-0: Foul Ball, location: 2F 2-1: Ball 3-1: Foul Ball, location: 2F 3-2: Strikes out looking
|
Batting: RHB Franklin Lawrence
|
0-0: Ball 1-0: Swinging Strike 1-1: Ground out 6-3 (Groundball, 6M)
|
Bottom of the 4th over - 1 run(s), 2 hit(s), 1 error(s), 1 left on base; Montgomery 1 - New Hampshire 2 |
TOP OF THE 5TH |
Montgomery Biscuits batting - Pitching for New Hampshire Fisher Cats : RHP Jim Fitzgerald
|
Batting: LHB Brian MacIntosh
|
0-0: Ball 1-0: Fly out, F9 (Flyball, 89M)
|
Batting: RHB Roy Ayers
|
0-0: Ball 1-0: Ground out U3 (Groundball, 3L)
|
Batting: RHB Warren Martin
|
0-0: Called Strike 0-1: SINGLE (Flyball, 8RS)
|
Batting: RHB Carlos Vásquez
|
0-0: Ball 1-0: Called Strike 1-1: Ball 2-1: Fielders Choice at 2nd, U6 (Groundball, 6M)
|
Top of the 5th over - 0 run(s), 1 hit(s), 0 error(s), 1 left on base; Montgomery 1 - New Hampshire 2 |
BOTTOM OF THE 5TH |
New Hampshire Fisher Cats batting - Pitching for Montgomery Biscuits : RHP Ken Lyons
|
Batting: RHB Michael Kent
|
0-0: Ball 1-0: Called Strike 1-1: Ground out U3 (Groundball, 3S)
|
Batting: RHB Anthony Hezell
|
0-0: Ball 1-0: Swinging Strike 1-1: Ball 2-1: Foul Ball, location: 2F 2-2: Foul Ball, location: 2F 2-2: Fly out, F7 (Flyball, 78S)
|
Batting: LHB Cam Flowers
|
0-0: Called Strike 0-1: Foul Ball, location: 2F 0-2: Foul Ball, location: 2F 0-2: Ball 1-2: Foul Ball, location: 2F 1-2: Ball 2-2: Ground out U3 (Groundball, 3)
|
Bottom of the 5th over - 0 run(s), 0 hit(s), 0 error(s), 0 left on base; Montgomery 1 - New Hampshire 2 |
TOP OF THE 6TH |
Montgomery Biscuits batting - Pitching for New Hampshire Fisher Cats : RHP Jim Fitzgerald
|
Batting: RHB Yujiro Kurihara
|
0-0: Ball 1-0: Foul Ball, location: 2F 1-1: Ball 2-1: Ball 3-1: Ground out 5-3 (Groundball, 5)
|
Batting: RHB Pete Smith
|
0-0: Called Strike 0-1: Ball 1-1: Swinging Strike 1-2: Foul Ball, location: 2F 1-2: Ball 2-2: Strikes out swinging
|
Batting: RHB Juan Díaz
|
0-0: Called Strike 0-1: SINGLE (Groundball, 56D)
|
Batting: LHB António Fernández
|
0-0: Called Strike 0-1: Ball 1-1: Foul Ball, location: 2F 1-2: Ball 2-2: Strikes out swinging
|
Top of the 6th over - 0 run(s), 1 hit(s), 0 error(s), 1 left on base; Montgomery 1 - New Hampshire 2 |
BOTTOM OF THE 6TH |
New Hampshire Fisher Cats batting - Pitching for Montgomery Biscuits : RHP Ken Lyons
|
Batting: RHB Felipe Rivas
|
0-0: Called Strike 0-1: Swinging Strike 0-2: Strikes out swinging
|
Batting: RHB Si-xun Li
|
0-0: Foul Ball, location: 2F 0-1: Fly out, F8 (Flyball, 89M)
|
Batting: RHB Benjamin Lawson
|
0-0: Fly out, F4 (Popup, 4)
|
Bottom of the 6th over - 0 run(s), 0 hit(s), 0 error(s), 0 left on base; Montgomery 1 - New Hampshire 2 |
TOP OF THE 7TH |
Montgomery Biscuits batting - Pitching for New Hampshire Fisher Cats : RHP Jim Fitzgerald
|
Batting: RHB Raúl Alejándrez
|
0-0: Ball 1-0: DOUBLE (Flyball, 9LM)
|
Pitching: LHP David Richardson
|
|
Batting: LHB Brian MacIntosh
|
0-0: Swinging Strike 0-1: Ball 1-1: Ball 2-1: Ball 3-1: Foul Ball, location: 2F 3-2: Strikes out swinging
|
Batting: RHB Roy Ayers
|
0-0: Called Strike 0-1: Ball 1-1: Swinging Strike 1-2: Strikes out swinging
|
Batting: RHB Warren Martin
|
0-0: SINGLE (Line Drive, 8LS) Raúl Alejándrez to third
|
Batting: RHB Carlos Vásquez
|
0-0: Called Strike 0-1: Foul Ball, location: 2F 0-2: Ball 1-2: Strikes out swinging
|
Top of the 7th over - 0 run(s), 2 hit(s), 0 error(s), 2 left on base; Montgomery 1 - New Hampshire 2 |
BOTTOM OF THE 7TH |
New Hampshire Fisher Cats batting - Pitching for Montgomery Biscuits : RHP Ken Lyons
|
Batting: LHB Tony Rivera
|
0-0: Called Strike 0-1: Called Strike 0-2: Strikes out swinging
|
Batting: RHB Albert Alemán
|
0-0: Ball 1-0: Foul Ball, location: 2F 1-1: Ball 2-1: Foul Ball, location: 2F 2-2: Strikes out swinging
|
Batting: RHB Franklin Lawrence
|
0-0: Ball 1-0: Ground out 5-3 (Groundball, 5L)
|
Bottom of the 7th over - 0 run(s), 0 hit(s), 0 error(s), 0 left on base; Montgomery 1 - New Hampshire 2 |
TOP OF THE 8TH |
Montgomery Biscuits batting - Pitching for New Hampshire Fisher Cats : LHP David Richardson
|
Pitching: RHP Vaughan Gillespie
|
|
Now at C: Tim Robertson
|
|
Batting: RHB Yujiro Kurihara
|
0-0: Ball 1-0: Ground out 4-3 (Groundball, 4M)
|
Batting: RHB Pete Smith
|
0-0: Ball 1-0: Called Strike 1-1: Fly out, F8 (Line Drive, 8LD)
|
Batting: RHB Juan Díaz
|
0-0: Ball 1-0: Foul Ball, location: 2F 1-1: Swinging Strike 1-2: Ball 2-2: Foul Ball, location: 2F 2-2: Ball 3-2: Strikes out swinging
|
Top of the 8th over - 0 run(s), 0 hit(s), 0 error(s), 0 left on base; Montgomery 1 - New Hampshire 2 |
BOTTOM OF THE 8TH |
New Hampshire Fisher Cats batting - Pitching for Montgomery Biscuits : RHP Ken Lyons
|
Pitching: RHP Rick Grant
|
|
Batting: RHB Michael Kent
|
0-0: Called Strike 0-1: Foul Ball, location: 2F 0-2: Ball 1-2: Foul Ball, location: 2F 1-2: DOUBLE (Flyball, 8RM)
|
Batting: RHB Anthony Hezell
|
0-0: Ball 1-0: Called Strike 1-1: Fly out, F4 (Line Drive, 4)
|
Batting: LHB Cam Flowers
|
0-0: Called Strike 0-1: Swinging Strike 0-2: Foul Ball, location: 2F 0-2: Ball 1-2: DOUBLE (Line Drive, 9LS) Michael Kent scores
|
Batting: RHB Felipe Rivas
|
0-0: Intentional Walk
|
Batting: RHB Si-xun Li
|
0-0: Ball 1-0: SINGLE (Line Drive, 7S) Cam Flowers to third Felipe Rivas to second
|
Batting: RHB Benjamin Lawson
|
0-0: Called Strike 0-1: Ball 1-1: Called Strike 1-2: Strikes out swinging
|
Batting: LHB Tony Rivera
|
0-0: Swinging Strike 0-1: Foul Ball, location: 2F 0-2: Fly out, F8 (Flyball, 8RD)
|
Bottom of the 8th over - 1 run(s), 3 hit(s), 0 error(s), 3 left on base; Montgomery 1 - New Hampshire 3 |
TOP OF THE 9TH |
Montgomery Biscuits batting - Pitching for New Hampshire Fisher Cats : RHP Vaughan Gillespie
|
Pitching: RHP Grady Connolly
|
|
Batting: LHB António Fernández
|
0-0: Called Strike 0-1: Swinging Strike 0-2: Ball 1-2: Strikes out looking
|
Batting: RHB Raúl Alejándrez
|
0-0: Called Strike 0-1: Ball 1-1: Ground out 4-3 (Groundball, 4)
|
Batting: LHB Brian MacIntosh
|
0-0: Ball 1-0: Foul Ball, location: 2F 1-1: Called Strike 1-2: Foul Ball, location: 2F 1-2: Strikes out swinging
|
Top of the 9th over - 0 run(s), 0 hit(s), 0 error(s), 0 left on base; Montgomery 1 - New Hampshire 3 |
|